 Dungeon Crawl Stone Soup version 0.21.1-1-g345015f (webtiles) character file.

53 inc the Scratcher (level 3, 15/15 HPs)
             Began as a Felid Transmuter on Mar 6, 2018.
             Quit the game on level 2 of the Dungeon.
             The game lasted 00:02:49 (2372 turns).

inc the Scratcher (Felid Transmuter)                Turns: 2372, Time: 00:02:49

Health: 15/15      AC:  1    Str:  6    XL:     3   Next: 62%
Magic:  7/7        EV: 22    Int: 15    God:
Gold:   39         SH:  0    Dex: 16    Spells: 5/6 levels left
                                        Lives:  0   Deaths: 1

rFire    . . .     SeeInvis +     - Unarmed
rCold    . . .     Gourm    .   (shield unavailable)
rNeg     . . .     Faith    .   (armour unavailable)
rPois    +         Spirit   .   (helmet unavailable)
rElec    .         Reflect  .   (cloak unavailable)
rCorr    .         Harm     .   (gloves unavailable)
MR       .....                  (boots unavailable)
Stlth    ++........             (no amulet)
HPRegen  0.05/turn              d - +4 ring of evasion
MPRegen  0.10/turn              j - ring of poison resistance

@: quick
A: very small, no armour, no weapons or thrown items, stealth, claws 1, fangs 3,
see invisible, carnivore, speed 1, shaggy fur 1, slow metabolism 1, sharp paws
a: no special abilities


You were on level 2 of the Dungeon.
You were not hungry.

You visited 1 branch of the dungeon, and saw 2 of its levels.

You collected 39 gold pieces.

Inventory:

Missiles
 a - 12 arrows
Jewellery
 d - a +4 ring of evasion (left paw)
 j - a ring of poison resistance (right paw)
Scrolls
 e - a scroll of blinking {unknown}
 h - a scroll of amnesia {unknown}
 i - 3 scrolls of teleportation {unknown}
Potions
 f - a potion of lignification {unknown}
 g - a potion of resistance {unknown}
 k - a potion of curing {unknown}
Books
 b - a book of Changes

   Spells                             Type                      Level
   a - Beastly Appendage              Transmutation                1
   b - Sticks to Snakes               Transmutation                2
   c - Spider Form                    Transmutation/Poison         3
   d - Ice Form                       Ice/Transmutation            4
   e - Blade Hands                    Transmutation                5
Comestibles
 c - 2 rations


   Skills:
 - Level 1.0 Fighting
 - Level 2.6 Dodging
 + Level 5.4 Unarmed Combat
 - Level 2.0 Spellcasting
 - Level 2.1 Transmutations


You had 5 spell levels left.
You knew the following spells:

 Your Spells              Type           Power        Failure   Level  Hunger
a - Beastly Appendage     Tmut           #.....       9%          1    #......


Dungeon Overview and Level Annotations

Branches:
Dungeon (2/15)

Altars:


Innate Abilities, Weirdness & Mutations

You cannot wear armour.
You are incapable of wielding weapons or throwing items.
Your paws allow you to move quietly. (Stealth)
You have sharp claws.
You have razor-sharp teeth.
You have supernaturally acute eyesight. (SInv)
You are carnivorous and can eat meat at any time.
You cover ground quickly.
You are covered in fur. (AC +1)
You have a slow metabolism.
Your sharp claws are effective at attacking unaware monsters.


Message History

A gnoll comes into view. It is wielding a spear.
The gnoll shouts!
You hear a shout!
The gnoll shouts!
Found a stone staircase leading down.
A gnoll comes into view. It is wielding a spear.
The gnoll closely misses you. The gnoll misses you.
You barely miss the gnoll. The gnoll closely misses you.
The gnoll barely misses you.
You completely miss the gnoll.
The gnoll hits you from afar with a spear!
Ouch! That really hurt!
The gnoll hits you with a spear.
* * * LOW HITPOINT WARNING * * *
You are too injured to fight recklessly!
The gnoll hits you from afar with a spear!
You die...
You are now level 3!
You rejoin the land of the living...
Found a crooked silver wand.
Are you sure you want to abandon this character and quit the game? (Confirm with "yes".)

♣♣♣♣♣ #.# #.#### ♣
PPPP♣##.# #)#
..♣...#.###.#
..PPP.......# ♣
♣P♣♣##.##..# ♣♣
♣♣....##..#
.♣♣♣♣..##.....#
..........##.########.##
#####..#####....@.......
##.........#.####./##
#...######.#. #.).# #.
#...# #. #...# #.
####...# .. ........ ##
........


There were no monsters in sight!

Vanquished Creatures
  A howler monkey (D:2)
  An adder (D:2)
  2 worms (D:2)
  3 dart slugs
  A leopard gecko (D:2)
  5 orcs (D:2)
  2 ball pythons (D:1)
  4 bats (D:1)
  2 giant cockroaches (D:1)
  4 goblins
  3 hobgoblins
  4 jackals (D:1)
  2 frilled lizards
  7 kobolds
  5 rats
46 creatures vanquished.

Notes
Turn   | Place    | Note
-------+----------+-------------------------------------------
     0 | D:1      | inc the Felid Transmuter began the quest for the Orb.
     0 | D:1      | Reached XP level 1. HP: 9/9 MP: 4/4
   156 | D:1      | Reached XP level 2. HP: 12/12 MP: 6/6
   676 | D:1      | Reached skill level 4 in Unarmed Combat
   841 | D:1      | Reached XP level 3. HP: 15/15 MP: 7/7
  2082 | D:2      | Reached skill level 5 in Unarmed Combat
  2082 | D:2      | Reached XP level 4. HP: 18/19 MP: 8/8
  2371 | D:2      | Slain by a gnoll
  2372 | D:2      | Reached XP level 3. HP: -4/15 MP: 7/7
  2372 | D:2      | Quit the game

Skill      XL: |  1  2  3 |
---------------+----------+-----
Unarmed Combat | 4 5 |  5.4
Fighting       | |  1.0
Dodging        | |  2.6
Spellcasting   | |  2.0
Transmutations | |  2.1

Action                   |  1- 3 |  4- 6 || total
-------------------------+-------+-------++-------
Melee: Unarmed           |   165 |    27 ||   192
       Bite              |    13 |     2 ||    15
       Punch             |     3 |       ||     3
 Cast: Beastly Appendage |     2 |     1 ||     3
 Stab: Sleeping          |     4 |     1 ||     5
  Eat: Chunk             |     1 |     1 ||     2
Armor: Skin              |     9 |       ||     9
Dodge: Dodged            |   149 |    19 ||   168
